 Dungeon Crawl Stone Soup version 0.27-a0-789-g6bb3289e1e (webtiles) character file.

Game seed: 2013747396829686180

30492 Drazool the Whirler (level 13, -44/65 HPs)
             Began as a Spriggan Conjurer on Mar 26, 2021.
             Was an Elder of Dithmenos.
             Succumbed to Nessos's poison
             ... on level 6 of the Lair of Beasts.
             The game lasted 01:16:16 (19161 turns).

Drazool the Whirler (Spriggan Conjurer)            Turns: 19161, Time: 01:16:17

Health: -44/65     AC:  4    Str:  3    XL:     13   Next: 20%
Magic:  25/25      EV: 26    Int: 24    God:    Dithmenos [****..]
Gold:   786        SH:  0    Dex: 20    Spells: 8/26 levels left

rFire    + . .     SeeInvis +   b - +12 hunting sling "Atzyhe Otzi" {venom, rN+}
rCold    . . .     Faith    .   (shield restricted)
rNeg     + . .     Spirit   .   k - +2 robe {Archmagi}
rPois    .         Reflect  .   (helmet restricted)
rElec    .         Harm     .   d - scarf {shadows}
rCorr    .         Rampage  .   (gloves unavailable)
Will     ++...                  (boots unavailable)
Stlth    +++++++++.             i - amulet of magic regeneration
HPRegen  0.20/turn              h - ring of protection from fire
MPRegen  0.44/turn              t - +6 ring of dexterity

@: mighty, lethally poisoned (-44 -> -104), wreathed by umbra, very quick
A: very small, no large weapons, unfitting armour, see invisible, speed 3
a: Renounce Religion, Shadow Step


You were on level 6 of the Lair of Beasts.
You worshipped Dithmenos.
Dithmenos was greatly pleased with you.
You visited 3 branches of the dungeon, and saw 17 of its levels.
You also visited: Sewer and Ossuary.

You collected 786 gold pieces.

Inventory:

Hand Weapons
 a - a +5 dagger of electrocution
 b - the +12 hunting sling "Atzyhe Otzi" (weapon) {venom, rN+}
   (You found it on level 7 of the Dungeon)

   It poisons the ammo it fires.
   It protects you from negative energy.
 e - a +2 spectral club
 E - a +4 trident
 F - a +1 short sword of holy wrath
 M - a +0 scimitar of flaming
Missiles
 l - 2 atropa-tipped darts
 D - 85 sling bullets (quivered ammo)
 T - 18 stones
Armour
 d - a scarf of shadows (worn)
 j - a +1 robe
 k - a +2 robe of the Archmagi (worn)
 O - a +0 troll leather armour
Jewellery
 h - a ring of protection from fire (right hand)
 i - an amulet of magic regeneration (around neck)
 m - a +6 ring of strength
 o - a ring of poison resistance
 t - a +6 ring of dexterity (left hand)
 x - an amulet of the acrobat
 K - a +4 ring of evasion
 N - a +6 ring of strength
 S - the ring of Apnafot {rElec Str+4 Slay+4}
   (You found it on level 3 of the Lair of Beasts)

   [ring of slaying]

   It affects your strength (+4).
   It affects your accuracy and damage with ranged weapons and melee attacks
   (+4).
   It insulates you from electricity.
 U - a +6 ring of strength
 V - a ring of willpower
Wands
 s - a wand of flame (17)
 G - a wand of acid (9)
 H - a wand of mindburst (23)
 P - a wand of polymorph (4)
 Q - a wand of paralysis (6)
 R - a wand of iceblast (5)
Scrolls
 g - 9 scrolls of teleportation
 u - 2 scrolls of blinking
 v - 2 scrolls of enchant armour
 w - 7 scrolls of amnesia
 y - 2 scrolls of brand weapon
 J - a scroll of summoning
 W - a scroll of magic mapping
Potions
 c - 4 potions of ambrosia
 f - 4 potions of lignification
 n - 3 potions of mutation
 q - 2 potions of resistance
 r - 3 potions of cancellation
 z - a potion of haste
 A - 2 potions of flight
 B - 6 potions of curing
 C - 3 potions of brilliance
 I - 2 potions of magic {unknown}
 L - 2 potions of heal wounds {unknown}


   Skills:
 + Level 5.7 Fighting
 - Level 4.1 Short Blades
 - Level 15.5 Slings
 - Level 11.0 Dodging
 - Level 14.4 Stealth
 + Level 7.3 Spellcasting
 + Level 6.2 Conjurations
 + Level 7.1 Translocations


You had 8 spell levels left.
You knew the following spells:

 Your Spells              Type           Power      Damage    Failure   Level
a - Magic Dart            Conj           100%       1d8       1%          1
b - Searing Ray           Conj           100%       3d7       1%          2
c - Iskenderun's Mystic   Conj/Tloc      57%        2d12      4%          4
d - Fulminant Prism       Conj/Hex       17%        3d11      19%         4
e - Stone Arrow           Conj/Erth      70%        3d11      6%          3
f - Passwall              Tmut/Erth      10%        N/A       11%         2
g - Blink                 Tloc           N/A        N/A       1%          2

Your spell library contained the following spells:

 Spells                   Type           Power      Damage    Failure   Level
 Shock                    Conj/Air       100%       1d9       1%          1
 Gell's Gravitas          Tloc           29%        N/A       1%          3
 Lesser Beckoning         Tloc           29%        N/A       1%          3
 Teleport Other           Tloc           59%        N/A       1%          3
 Dazzling Flash           Conj/Hex       70%        N/A       6%          3
 Static Discharge         Conj/Air       35%        N/A       6%          3
 Sandblast                Erth           26%        2d8       7%          1
 Ensorcelled Hibernation  Hex/Ice        26%        N/A       11%         2
 Swiftness                Air            13%        N/A       11%         2
 Manifold Assault         Tloc           59%        N/A       11%         5
 Lightning Bolt           Conj/Air       17%        1d32      47%         5
 Airstrike                Air            6%         N/A       56%         4
 Animate Armour           Summ/Erth      26%        N/A       56%         4
 Petrify                  Tmut/Erth      13%        N/A       56%         4
 Borgnjor's Vile Clutch   Necr/Erth      6%         N/A       88%         5
 Lee's Rapid Deconstruct  Erth           6%         3d7*      88%         5
 Silence                  Hex/Air        6%         N/A       88%         5
 Shadow Creatures         Summ           N/A        N/A       100%        6


Dungeon Overview and Level Annotations

Branches:
Dungeon (10/15)            Temple (1/1) D:7            Lair (6/6) D:10
  Swamp (0/4) Lair:4       Spider (0/4) Lair:4          Orc (0/2) D:9
  Sewer (visited)         Ossuary (visited)
  Slime: Lair:5-6

Altars:
Ashenzari
Cheibriados
Dithmenos
Elyvilon
Fedhas
Gozag
Hepliaklqana
Kikubaaqudgha
Makhleb
Nemelex Xobeh
Okawaru
Qazlal
Ru
Sif Muna
Trog
Uskayaw
Vehumet
Wu Jian
Xom
Yredelemnul
Zin
The Shining One
Beogh

Shops:
D:10 =

Annotations:
D:6 1 runed translucent door, OTABOTABOTAB's ghost, novice DsGl
Lair:1 exclusion: 3 oklob plants
Lair:3 1 runed translucent door, Drazool's ghost, journeyman DsGl
Lair:6 Nessos


Innate Abilities, Weirdness & Mutations

You are very small and have problems with some larger weapons.
You are too small for most types of armour.
You have supernaturally acute eyesight. (SInv)
You cover ground extremely quickly. (Speed+++)


Message History

Nessos is heavily wounded.
Your shadow shoots a sling bullet.
The sling bullet hits Nessos but does no damage.
Nessos blinks!
Fire: 89 sling bullets
Press: ? - help, Q - select action, (/) - cycle Shift-Dir - straight line, f/p - Nessos
Aim: Nessos, wielding a +3 longbow of flaming, wearing a +0 barding of flying and quivering arrows (heavily wounded, extremely poisoned, umbra, 83% to hit)
You shoot a sling bullet. The sling bullet hits Nessos.
Nessos looks as sick as possible!
Nessos is heavily wounded.
Nessos shoots an arrow.
The arrow completely misses you.
Fire: 88 sling bullets
Press: ? - help, Q - select action, (/) - cycle Shift-Dir - straight line, f/p - Nessos
Aim: Nessos, wielding a +3 longbow of flaming, wearing a +0 barding of flying and quivering arrows (heavily wounded, extremely poisoned, umbra, 83% to hit)
Okay, then.
You shoot a sling bullet.
The sling bullet closely misses the blink frog.
Nessos mumbles some strange words.
Nessos seems to speed up.
You shoot a sling bullet.
The sling bullet closely misses the blink frog.
Nessos stands on their hind legs for a moment.
Nessos blinks!
A cane toad comes into view.
Nessos blinks!
You shoot a sling bullet. The cane toad gives a loud, deep croak!
The sling bullet hits the blink frog!
The blink frog is poisoned.
The blink frog is moderately wounded.
You hear a croak.
Nessos shoots an arrow.
The arrow hits you!! The arrow burns you.
You are poisoned.
Nessos shoots an arrow.
The arrow hits you!!
* * * LOW HITPOINT WARNING * * *
You emit a cloud of dark smoke.
You are more poisoned.
You hear an angry buzzing noise.
Unknown command.
Ouch! That really hurt!
You die...

.. .... #....#
.§....#######
....(P...#.P#..
...............
......§§@.........
...§)..§§§........
.......F§§........
.......(§§..F.....
...[..............
.≈...≈.≈..........
≈≈#.≈c##...<......
≈ ##≈≈ #..........
≈≈≈≈≈....(.....


You could see a cane toad and a blink frog (very poisoned).

Vanquished Creatures
  Snorg (D:10)
  4 hydras
  Erica (D:10)
  2 two-headed ogres (D:10)
  A deep elf pyromancer (D:10)
  5 elephants (Lair:4)
  5 black mambas
  5 cane toads
  A torpor snail (Lair:3)
  3 rime drakes
  5 komodo dragons
  2 trolls
  3 blink frogs (Lair:2)
  A vampire (D:10)
  A shadow (D:9)
  A redback (Lair:4)
  38 yaks
  A basilisk (Lair:1)
  An acid dragon (D:10)
  A swamp drake (Lair:4)
  12 water moccasins
  2 orc warriors (D:9)
  Purgy (Sewer)
  2 sky beasts
  6 necrophages
  An ogre (D:6)
  37 wolves
  6 centaurs
  4 phantoms
  Blork the orc (D:6)
  A kobold brigand (D:8)
  15 bullfrogs
  3 gnoll sergeants
  A wyvern zombie (D:9)
  2 water moccasin skeletons
  8 scorpions
  14 killer bees
  A howler monkey (D:7)
  6 electric eels
  6 centaur zombies
  A lava snake (D:8)
  3 hounds
  6 orc priests
  2 human zombies (Ossuary)
  A bullfrog skeleton (D:5)
  Jessica (D:3)
  5 iguanas
  7 orc wizards
  A killer bee zombie (D:7)
  A hound zombie (D:5)
  3 mummies (Ossuary)
  A howler monkey zombie (D:8)
  13 gnolls
  7 adders
  8 scorpion zombies (Ossuary)
  A shadow imp (D:6)
  3 ufetubi
  An adder skeleton (D:4)
  2 worms
  2 dart slugs
  26 orcs
  9 endoplasms
  5 giant cockroaches
  3 gnoll zombies (Ossuary)
  9 goblins
  4 hobgoblins
  9 jackals
  9 quokkas
  16 ball pythons
  6 bats
  7 frilled lizards
  2 goblin zombies (Ossuary)
  2 hobgoblin zombies (Ossuary)
  A jackal skeleton (D:3)
  23 kobolds
  2 kobold zombies (Ossuary)
  4 orc zombies (Ossuary)
  9 rats
426 creatures vanquished.

Vanquished Creatures (collateral kills)
  A kobold (D:2)
1 creature vanquished.

Vanquished Creatures (others)
  A rime drake (Lair:4)
  16 fungi
  20 plants
37 creatures vanquished.

Grand Total: 464 creatures vanquished

Notes
Turn   | Place    | Note
-------+----------+-------------------------------------------
     0 | D:1      | Drazool the Spriggan Conjurer began the quest for the Orb.
     0 | D:1      | Reached XP level 1. HP: 9/9 MP: 5/5
   279 | D:1      | Reached XP level 2. HP: 13/13 MP: 0/7
   337 | D:1      | Learned a level 2 spell: Searing Ray
  1346 | D:2      | Reached XP level 3. HP: 16/16 MP: 1/8
  2300 | D:2      | Reached XP level 4. HP: 21/21 MP: 7/10
  2689 | D:2      | Learned a level 4 spell: Iskenderun's Mystic Blast
  2694 | D:2      | Learned a level 4 spell: Fulminant Prism
  3046 | D:3      | Reached XP level 5. HP: 24/24 MP: 8/12
  3143 | D:3      | Noticed Jessica
  3150 | D:3      | Reached skill level 1 in Translocations
  3341 | D:3      | Killed Jessica
  3657 | D:3      | Found a snail-covered altar of Cheibriados.
  4001 | D:3      | Found an ornate altar of the Wu Jian Council.
  4355 | D:4      | Found a broken altar of Ashenzari.
  4596 | D:4      | Found an opulent altar of Gozag.
  4597 | D:4      | Found a sparkling altar of Nemelex Xobeh.
  4735 | D:5      | Entered Level 5 of the Dungeon
  4735 | D:5      | Noticed a sky beast
  4766 | D:5      | Noticed a necrophage
  4772 | D:5      | Killed a necrophage
  4773 | D:5      | Reached XP level 6. HP: 22/28 MP: 8/14
  4826 | D:5      | Reached skill level 5 in Spellcasting
  4833 | D:5      | Reached skill level 5 in Conjurations
  5020 | D:5      | Reached XP level 7. HP: 32/32 MP: 11/15
  5062 | D:5      | Reached skill level 5 in Stealth
  5545 | D:5      | Reached XP level 8. HP: 36/36 MP: 12/17
  5567 | D:5      | Found a glowing drain.
  5803 | Sewer    | Entered a sewer
  5864 | Sewer    | Noticed Purgy
  5871 | Sewer    | Killed Purgy
  5872 | Sewer    | Reached skill level 5 in Dodging
  6231 | D:5      | Reached skill level 10 in Stealth
  6424 | D:6      | Found a runed translucent door.
  6424 | D:6      | Noticed OTABOTABOTAB's ghost (novice DsGl)
  6449 | D:6      | Reached XP level 9. HP: 31/39 MP: 12/18
  6592 | D:6      | Noticed Blork the orc
  6599 | D:6      | Killed Blork the orc
  7025 | D:7      | Found a sand-covered staircase.
  7031 | Ossuary  | Entered an ossuary
  7123 | Ossuary  | Reached skill level 10 in Dodging
  7808 | D:7      | Found a shadowy altar of Dithmenos.
  7988 | D:7      | Identified the +12 hunting sling "Atzyhe Otzi" {venom, rN+}
  8005 | D:7      | Identified the +0 hand axe of Disharmony {freeze, rC+
                  | Str+6}
  8052 | D:7      | Found a staircase to the Ecumenical Temple.
  8082 | Temple   | Entered the Ecumenical Temple
  8434 | D:7      | Became a worshipper of Dithmenos the Shadowed
  8852 | D:7      | Identified the +1 pair of boots of Generosity {Dex+4}
  8903 | D:7      | Reached XP level 10. HP: 44/44 MP: 15/19
  8992 | D:7      | Reached skill level 1 in Slings
  9330 | D:8      | Reached skill level 2 in Slings
  9403 | D:8      | Identified the +5 robe of Wuacrof {+Blink rElec rF- rN++}
  9536 | D:8      | Found a blossoming altar of Fedhas.
  9579 | D:8      | Reached skill level 3 in Slings
 10054 | D:8      | Found a radiant altar of Vehumet.
 10060 | D:8      | Found a blossoming altar of Fedhas.
 10062 | D:8      | Found a shimmering blue altar of Sif Muna.
 10062 | D:8      | Found a glowing silver altar of Zin.
 10062 | D:8      | Found a burning altar of Makhleb.
 10218 | D:8      | Found a hide-covered altar of Uskayaw.
 10426 | D:9      | Reached skill level 4 in Slings
 10822 | D:9      | Found a staircase to the Orcish Mines.
 10864 | D:9      | Reached skill level 5 in Slings
 11039 | D:9      | Learned a level 3 spell: Stone Arrow
 11042 | D:9      | Learned a level 2 spell: Passwall
 11189 | D:9      | Reached skill level 6 in Slings
 11189 | D:9      | Reached * piety under Dithmenos
 11457 | D:9      | Reached skill level 7 in Slings
 11571 | D:9      | Reached skill level 8 in Slings
 11736 | D:10     | Entered Level 10 of the Dungeon
 11831 | D:10     | Found a staircase to the Lair.
 11852 | D:10     | Found Sobbuann's Jewellery Emporium.
 11892 | D:10     | Reached skill level 9 in Slings
 11931 | D:10     | Noticed Erica
 12110 | D:10     | Reached skill level 10 in Slings
 12158 | D:10     | Killed Erica
 12159 | D:10     | Reached XP level 11. HP: 47/47 MP: 20/20
 12334 | D:10     | Noticed a two-headed ogre
 12359 | D:10     | Killed a two-headed ogre
 12360 | D:10     | Reached skill level 11 in Slings
 12471 | D:10     | Noticed a two-headed ogre
 12479 | D:10     | Killed a two-headed ogre
 12495 | D:10     | Noticed Snorg
 12524 | D:10     | Killed Snorg
 12525 | D:10     | Reached skill level 12 in Slings
 12589 | D:10     | Reached ** piety under Dithmenos
 12825 | D:10     | Noticed a deep elf pyromancer
 12830 | D:10     | Killed a deep elf pyromancer
 12831 | D:10     | Reached skill level 13 in Slings
 12929 | Lair:1   | Entered Level 1 of the Lair of Beasts
 12955 | Lair:1   | Learned a level 2 spell: Blink
 13003 | Lair:1   | Noticed a four-headed hydra
 13045 | Lair:1   | Killed a four-headed hydra
 13071 | Lair:1   | Noticed an oklob plant
 13071 | Lair:1   | Noticed an oklob plant
 13071 | Lair:1   | Noticed an oklob plant
 13125 | Lair:1   | Reached skill level 14 in Slings
 13178 | Lair:1   | Identified the +1 chain mail of Compression {rN+}
 13229 | Lair:1   | Noticed a four-headed hydra
 13252 | Lair:1   | Killed a four-headed hydra
 13798 | Lair:1   | Identified the +1 robe of the Enchanted Forest {Slay+3}
 14166 | Lair:2   | Reached skill level 15 in Slings
 14174 | Lair:2   | Reached XP level 12. HP: 51/51 MP: 21/21
 14987 | Lair:3   | Reached skill level 1 in Fighting
 14987 | Lair:3   | Reached skill level 1 in Short Blades
 15211 | Lair:2   | Reached *** piety under Dithmenos
 15968 | Lair:3   | Found a runed translucent door.
 16509 | Lair:3   | Identified the ring of Apnafot {rElec Str+4 Slay+4}
 16529 | Lair:3   | Noticed Drazool's ghost (journeyman DsGl)
 16978 | Lair:4   | Reached skill level 5 in Translocations
 17132 | Lair:4   | Reached skill level 5 in Fighting
 17133 | Lair:4   | Reached **** piety under Dithmenos
 17447 | Lair:4   | Found a hole to the Spider Nest.
 17600 | Lair:4   | Noticed an eight-headed hydra
 17607 | Lair:4   | Killed an eight-headed hydra
 17608 | Lair:4   | Reached XP level 13. HP: 63/63 MP: 22/24
 17873 | Lair:4   | Found a staircase to the Swamp.
 18774 | Lair:5   | Found a radiant altar of Vehumet.
 19150 | Lair:6   | Entered Level 6 of the Lair of Beasts
 19150 | Lair:6   | Noticed Nessos
 19161 | Lair:6   | Succumbed to Nessos's poison

Illustrated notes

Levels and vault maps discovered:
D:1:      sevenhm_arrival_forest_fort_large_3, layout_loops_ring,
          hangedman_decor_points
D:2:      minmay_thinvault, layout_loops_ring, minmay_puff
D:3:      layout_loops_corners, lemuel_round_altar, kennysheep_slug_shrine,
          kennysheep_generic_room_6, uniq_jessica
D:4:      wander_river, layout_cave_pools, grunt_temple_overflow_opulence,
          nicolae_ashenzari_skybound
D:5:      layout_rooms, portal_sewer_entry_f, kennysheep_minor_cross,
          minivault_23
D:6:      layout_rooms, hellmonk_ghost_happy_afterlife, bh_walls_and_bars,
          uniq_blork_the_orc
D:7:      layout_gridville, grunt_dithmenos_smoke_and_mirrors,
          minmay_temple_entry_statues, nicolae_ossuary_entry_plus
D:8:      layout_gridville, minitemple, nicolae_uskayaw_suspiria, fedhas_altar_3
D:9:      layout_stronghold, minmay_orc_entry_temple_small, kennysheep_boxes
D:10:     layout_roguey, lair_entry_dummy, serial_shops, shop, uniq_snorg,
          uniq_erica
Temple:   jpeg_temple_alley_garden
Lair:1:   layout_gridlike, st_stairs_7, serial_bayou_shore_b,
          minmay_lair_oklob_chamber
Lair:2:   layout_chaotic_city, infiniplex_staircase_pool_2
Lair:3:   layout_regular_city, ebering_ghost_reflecting_pool,
          grunt_forest_large_clearings, serial_bayou_shore_b
Lair:4:   layout_hall_layers, minmay_swamp_entry_reptiles,
          spider_nest_entry_webs, lemuel_fruit_fields
Lair:5:   layout_hall_layers, lemuel_centaur_altar
Lair:6:   gammafunk_lair_ancient_temple, layout_regular_city, slime_altar_2,
          columned_hall_lemuel, minmay_stone_trees_small, uniq_nessos

Skill      XL: |  1  2  3  4  5  6  7  8  9 10 11 12 13 |
---------------+----------------------------------------+-----
Conjurations   | 3 4 5 6 |  6.2
Spellcasting   | 3 4 5 6 7 |  7.3
Translocations | 2 3 4 6 7 |  7.1
Stealth        | 4 7 10 13 14 | 14.4
Dodging        | 4 8 11 | 11.0
Slings         | 10 15 | 15.5
Fighting       | 5 |  5.7
Short Blades   | 4 |  4.1

Action                   |  1- 3 |  4- 6 |  7- 9 | 10-12 | 13-15 || total
-------------------------+-------+-------+-------+-------+-------++-------
Melee: Dagger            |     5 |     1 |       |    41 |     5 ||    52
       Club              |       |     1 |       |       |       ||     1
 Fire: Hunting sling     |       |       |     1 |   327 |    48 ||   376
 Cast: Magic Dart        |    33 |     8 |    20 |     1 |       ||    62
       Searing Ray       |    31 |    62 |   106 |    78 |    15 ||   292
       Iskenderun's Myst |       |       |     3 |     2 |     2 ||     7
       Blink             |       |       |       |       |     1 ||     1
  Use: Scroll            |     2 |     4 |     5 |    15 |       ||    26
       Potion            |       |       |       |     2 |     1 ||     3
 Stab: Sleeping          |       |     2 |       |    19 |       ||    21
       Distracted        |       |       |       |     1 |       ||     1
Armor: Robe              |       |     2 |     9 |     3 |       ||    14
Dodge: Dodged            |     4 |    14 |    79 |   144 |    39 ||   280

Table legend: (Time is in decaauts)
 A = Elapsed time spent in this place.
 B = Non-inter-level travel time spent in this place.
 C = Inter-level travel time spent in this place.
 D = Time resting spent in this place.
 E = Time spent auto-exploring this place.
 F = Levels seen in this place.
 G = Mean time per level.
                   A        B        C        D        E       F      G
               +--------+--------+--------+--------+--------+-----+--------+
         Total |  13968 |  13267 |    701 |    770 |   9934 |  19 |  735.2 |
       Dungeon |   8616 |   8145 |    471 |    700 |   6040 |  10 |  861.6 |
        Temple |    188 |    133 |     55 |      0 |    127 |   1 |  188.0 |
          Lair |   4392 |   4217 |    175 |      3 |   3303 |   6 |  732.0 |
         Sewer |    101 |    101 |      0 |      0 |     57 |   1 |  101.0 |
       Ossuary |    670 |    670 |      0 |     67 |    406 |   1 |  670.0 |
               +--------+--------+--------+--------+--------+-----+--------+

Top non-repeatable levels by time:
     D:2: 1297 daAuts
     D:9: 1139 daAuts
  Lair:3: 1082 daAuts
     D:5: 1051 daAuts
  Lair:2: 1000 daAuts
     D:1: 943 daAuts
  Lair:4: 934 daAuts
     D:3: 894 daAuts
    D:10: 859 daAuts
     D:7: 802 daAuts
  Lair:1: 698 daAuts
 Ossuary: 670 daAuts
  Lair:5: 669 daAuts
     D:6: 635 daAuts
     D:8: 608 daAuts
